 Dungeon Crawl Stone Soup version 0.18-a0-1747-g18c4181 (webtiles) character file.

35 xandermoraine the Grave Robber (level 3, -4/29 HPs)
             Began as a Draconian Wanderer on Apr 12, 2016.
             Slain by an orc wizard
             ... wielding a +0 dagger
              (6 damage)
             ... on level 2 of the Dungeon.
             The game lasted 00:23:15 (1177 turns).

xandermoraine the Grave Robber (Draconian Wanderer) Turns: 1177, Time: 00:23:16

Health: -4/29      AC:  5    Str: 13    XL:     3   Next: 16%
Magic:  4/5        EV: 11    Int: 15    God:
Gold:   43         SH:  0    Dex:  9    Spells: 1 memorised, 4 levels left

rFire  . . .     SeeInvis .     a - +0 short sword
rCold  . . .     Gourm    .     (armour unavailable)
rNeg   . . .     Faith    .     (no shield)
rPois  .         Spirit   .     (helmet restricted)
rElec  .         Dismiss  .     (no cloak)
rCorr  .         Reflect  .     (no gloves)
SustAt .         Harm     .     (no boots)
MR     .....                    (no amulet)
Stlth  +.........               (no ring)
                                (no ring)

@: not resistant to hostile enchantments, very unstealthy
A: unfitting armour, cold-blooded, AC +5
a: no special abilities


You were on level 2 of the Dungeon.
You were not hungry.

You visited 1 branch of the dungeon, and saw 2 of its levels.

You collected 43 gold pieces.

Inventory:

Hand Weapons
 a - a +0 short sword (weapon)
 b - a +2 blowgun
 i - a +0 dagger
Jewellery
 j - a cursed ring of teleportation
Books
 c - Aczusite's Almanac of Shape Shifting

   Spells                             Type                      Level
   a - Beastly Appendage              Transmutation                1
   b - Ignite Poison                  Fire/Transmutation/Poison    3
 d - Xieroiki's Guide on Execration

   Spells                             Type                      Level
   a - Corona                         Hexes                        1
   b - Inner Flame                    Hexes/Fire                   3


   Skills:
 + Level 1.7 Fighting
   Level 2.0 Maces & Flails
 + Level 1.9 Throwing
 + Level 0.6 Dodging
 + Level 1.6 Spellcasting
   Level 2.0 Conjurations
   Level 2.0 Necromancy
   Level 1.0 Evocations


You had 4 spell levels left.
You knew the following spells:

 Your Spells              Type           Power        Failure   Level  Hunger
a - Corona                Hex            #......      28%         1    ##.....


Dungeon Overview and Level Annotations

Branches:
Dungeon (2/15)

Altars:
Ru


Innate Abilities, Weirdness & Mutations

Your plain brown scales are hard (AC +5).
Your body does not fit into most forms of armour.
You are cold-blooded and may be slowed by cold attacks.


Message History

The goblin hits you.
The orc wizard hits you with a dagger. x2
* * * LOW HITPOINT WARNING * * *
The goblin barely misses you.
You hit the orc wizard.
The orc wizard is heavily wounded.
The orc wizard hits you but does no damage.
The goblin barely misses you.
You hit the orc wizard.
The orc wizard is severely wounded.
The goblin hits you.
* * * LOW HITPOINT WARNING * * *
The orc wizard hits you with a dagger.
* * * LOW HITPOINT WARNING * * *
Read which item? (? for menu, Esc to quit)
Okay, then.
You aren't carrying any potions.
You hit the orc wizard but do no damage.
The orc wizard is severely wounded.
The orc wizard hits you with a dagger.
You die...

####.......#.#.###
#.......#.#...<
#.......#.#####
######.....###......
...........# #######
+#######'...#
#.§§#§§.#...#
#.§§#§).#...#
#§§o@§§§#.###
###g§§###.#
#.§§§§§.#.#
#...#...#.#
#...#...#.#
+#######+.# ..# ###


You could see an orc wizard (mute) and a goblin (blind).

Vanquished Creatures
  A dart slug (D:1)
  A giant gecko (D:2)
  A giant cockroach (D:1)
  6 goblins
  3 hobgoblins (D:1)
  4 jackals (D:2)
  4 kobolds
  5 bats
  3 rats (D:1)
28 creatures vanquished.

Notes
Turn   | Place    | Note
--------------------------------------------------------------
     0 | D:1      | xandermoraine the Draconian Wanderer began the quest for the Orb.
     0 | D:1      | xandermoraine set off with: 4 curare-tipped needles, a +2 blowgun, Aczusite's Almanac of Shape Shifting, Xieroiki's Guide on Execration, a bread ration
     0 | D:1      | Reached XP level 1. HP: 16/16 MP: 2/2
    13 | D:1      | Learned a level 1 spell: Corona
   155 | D:1      | Reached XP level 2. HP: 9/23 MP: 3/3
   809 | D:2      | Reached XP level 3. HP: 20/29 MP: 5/5
  1152 | D:2      | Found a sacrificial altar of Ru.
  1176 | D:2      | HP: 1/29 [orc wizard/dagger (4)]
  1177 | D:2      | Slain by an orc wizard

Vault maps used:
D:1:      roderic_dead_forest, minmay_misc_feat_chi
D:2:      nicolae_ru_great_annihilating_truth, first_bread,
          nicolae_qazlal_style_of_elements, uniq_natasha

Action                   || total
-------------------------++-------
Melee: Blowgun           ||     4
       Short sword       ||    63
       Dagger            ||     6
       Tailslap          ||     2
 Fire: Blowgun           ||    21
 Cast: Corona            ||     1
  Use: Scroll            ||     4
  Eat: Bread ration      ||     1
Armor: Skin              ||    46
Dodge: Dodged            ||    54
